 Dungeon Crawl Stone Soup version 0.31.0-32-g396128a36d (webtiles) character file.

Game seed: 8454507369728793275

4525 Kook the Frost Mage (level 10, -11/76 HPs)
             Began as a Merfolk Ice Elementalist on Apr 11, 2024.
             Was an Initiate of Gozag.
             Mangled by Grum
             ... wielding a -2 halberd
              (25 damage)
             ... on level 8 of the Dungeon on Apr 13, 2024.
             The game lasted 00:57:27 (11021 turns).

Kook the Frost Mage (Merfolk Ice Elementalist)     Turns: 11021, Time: 00:57:28

Health: -11/76     AC: 10    Str:  9    XL:     10   Next: 39%
Magic:  17/20      EV: 14    Int: 19    God:    Gozag
Gold:   898        SH:  0    Dex: 14    Spells: 13/23 levels left

rFire   . . .        z - +1 scythe (venom)
rCold   . . .        (shield currently unavailable)
rNeg    . . .        B - +0 leather armour
rPois   +            (no helmet)
rElec   .            C - +0 cloak
rCorr   .            (no gloves)
SInv    .            (no boots)
Will    .....        (no amulet)
Stlth   ++           o - ring of wizardry
HPRegen 0.32/turn    F - ring of poison resistance
MPRegen 0.17/turn

%: wizardry (x1)
@: ice-armoured
A: (nimble swimmer 2), mertail
a: Renounce Religion, Potion Petition, Call Merchant, Bribe Branch


You were on level 8 of the Dungeon.
You worshipped Gozag.
Gozag was pleased with you.
You visited 2 branches of the dungeon, and saw 9 of its levels.

You collected 1026 gold pieces.
You spent 71 gold pieces at shops.
You paid 57 gold pieces to Gozag.

Inventory:

Hand Weapons
 t - a +0 trident
 z - a +1 scythe of venom (weapon)
Missiles
 i - 2 throwing nets
 r - 7 boomerangs
 w - 9 poisoned darts
Armour
 B - a +0 leather armour (worn)
 C - a +0 cloak (worn)
Jewellery
 o - a ring of wizardry (left hand)
 F - a ring of poison resistance (right hand)
 G - a ring of flight
Wands
 a - a wand of acid (8)
 A - a wand of charming (10)
 E - a wand of polymorph (10)
Scrolls
 j - a scroll of poison {unknown}
 l - a scroll of fog {unknown}
 n - a scroll of teleportation
 p - 2 scrolls of fear {unknown}
 q - a scroll of enchant armour {unknown}
 s - a scroll of brand weapon {unknown}
 u - a scroll of immolation {unknown}
 v - a scroll of amnesia {unknown}
 x - a scroll of vulnerability {unknown}
 y - a scroll of identify
 D - a scroll of noise {unknown}
Potions
 b - a potion of magic
 c - a potion of resistance
 d - 2 potions of lignification
 e - 2 potions of haste
 f - 2 potions of invisibility
 g - 2 potions of heal wounds
 h - 2 potions of curing
 k - 2 potions of attraction {unknown}
 m - a potion of mutation {unknown}
 H - 2 potions of brilliance {unknown}


   Skills:
 + Level 6.0 Fighting
 * Level 9.2 Polearms
 + Level 6.7 Dodging
 - Level 2.1 Stealth
 * Level 7.2 Spellcasting
 * Level 1.0 Conjurations
 * Level 9.4 Ice Magic


You had 13 spell levels left.
You knew the following spells:

 Your Spells              Type           Power      Damage    Failure   Level
a - Freeze                Ice            100%       1d10      1%          1
b - Frozen Ramparts       Ice            84%        1d13      1%          3
c - Ozocubu's Armour      Ice            42%        N/A       1%          3
d - Hailstorm             Conj/Ice       26%        3d7       1%          3

Your spell library contained the following spells:

 Spells                   Type           Power      Damage    Failure   Level
 Summon Ice Beast         Ice/Summ       24%        N/A       2%          3
 Kiss of Death            Conj/Necr      32%        2d7       4%          1
 Sandblast                Erth           12%        2d6       6%          1
 Momentum Strike          Conj/Tloc      16%        3d8       7%          2
 Blink                    Tloc           12%        N/A       9%          2
 Lesser Beckoning         Tloc           12%        N/A       9%          2
 Stone Arrow              Conj/Erth      16%        3d8       14%         3
 Confusing Touch          Hex            6%         N/A       16%         3
 Inner Flame              Hex/Fire       6%         N/A       16%         3
 Passwall                 Erth           6%         N/A       16%         3
 Brom's Barrelling Bould  Conj/Erth      8%         2d3       41%         4
 Flame Wave               Conj/Fire      8%         2d5       41%         4
 Dispel Undead            Necr           6%         3d8       45%         4
 Sticky Flame             Fire/Alch      6%         2d4       45%         4


Dungeon Overview and Level Annotations

Branches:
Dungeon (8/15)             Temple (1/1) D:4
   Lair: D:8-11

Altars:
Ashenzari
Cheibriados
Elyvilon
Fedhas
Gozag
Kikubaaqudgha
Makhleb
Nemelex Xobeh
Okawaru
Qazlal
Ru
Sif Muna
Trog
Uskayaw
Vehumet
Wu Jian
Xom
Yredelemnul
Zin
The Shining One

Shops:
D:6 *

Annotations:
D:5 Menkaure
D:7 Jeremiah
D:8 Grum


Innate Abilities, Weirdness & Mutations

((You are very nimble when in or above water. (Stealth+, EV+, Speed+++)))
Your lower body shifts to a powerful aquatic tail in water.


Message History

Press: ? - help, Shift-Dir - straight line, f/p - Grum
Aim: Grum, wielding a -2 halberd and wearing a +0 animal skin (poisoned, 63% to hit)
You throw a poisoned dart. The poisoned dart hits Grum.
Grum looks even sicker.
Throw: 11 darts (poison)
Press: ? - help, Shift-Dir - straight line, f/p - Grum
Aim: Grum, wielding a -2 halberd and wearing a +0 animal skin (very poisoned, 63% to hit)
You throw a poisoned dart. The poisoned dart closely misses Grum.
Throw: 10 darts (poison)
Press: ? - help, Shift-Dir - straight line, f/p - Grum
Aim: Grum, wielding a -2 halberd and wearing a +0 animal skin (lightly wounded, very poisoned, 63% to hit)
You throw a poisoned dart. The poisoned dart closely misses Grum.
Grum misses you.
You reach to attack!
You hit Grum but do no damage.
Grum looks as sick as possible!
Grum hits you from afar with a -2 halberd!
You reach to attack!
You hit Grum but do no damage.
Grum looks as sick as possible!
Grum is lightly wounded.
Grum hits you but does no damage.
You reach to attack!
You slash Grum!
Grum looks as sick as possible!
Grum is moderately wounded.
Grum hits you from afar with a -2 halberd!!
Grum barely misses you.
Grum shouts, "Fido!
Good boy!"
Grum completely misses you.
You hit Grum.
Grum looks as sick as possible!
Grum is heavily wounded.
Grum hits you with a -2 halberd!!
You closely miss Grum.
Grum is severely wounded.
Grum hits you with a -2 halberd!
* * * LOW HITPOINT WARNING * * *
You closely miss Grum.
Grum is severely wounded.
Grum closely misses you.
Casting: Freeze (safe; 1% risk of failure)
Confirm with . or Enter, or press ? or * to list all spells.
A film of ice covers your body! Grum hits you with a -2 halberd!!
You die...
Your body crumbles into a pile of gold.

#..# #..##..............# #.....
...# #.###..###...##....###.#...
...## #.##.### #.......##)##.##..
....###.#)## ###.......##.)......
##...###..####..........#..###...
##...#.#............(..#..###.>.
##...............(.(......#....
##.............(.............. #
##..........@..............<. #
##..........g................ #
##............................ ##
#...........................#.
.####............................
.##........>..##.)..............#
.............##..[<......###.#...
..........#..##..........# #.#...
........####.............###.##..


You could see Grum (extremely poisoned).

Vanquished Creatures
  Erica (D:8)
  Joseph (D:8)
  A troll (D:6)
  Sigmund (D:6)
  A steam dragon (D:8)
  2 wyverns
  2 orc warriors (D:8)
  2 sky beasts
  An ice beast (D:7)
  2 black bears
  2 wolves (D:8)
  2 ogres
  2 centaurs (D:8)
  A bullfrog (D:8)
  A gnoll sergeant (D:6)
  3 scorpions
  5 wights (D:8)
  6 killer bees (D:8)
  A howler monkey (D:5)
  4 bombardier beetles
  3 hounds
  A jelly (D:5)
  A gnoll bouda (D:6)
  4 orc priests
  4 iguanas
  An orc wizard (D:8)
  9 adders
  11 gnolls
  A shadow imp (D:7)
  3 dart slugs
  2 ribbon worms
  13 orcs
  11 ball pythons
  8 endoplasms
  2 giant cockroaches
  9 goblins
  3 hobgoblins
  9 jackals
  6 kobolds
  3 quokkas
  3 bats
  2 frilled lizards
  7 rats
157 creatures vanquished.

Notes
Turn   | Place    | Note
-------+----------+-------------------------------------------
     0 | D:1      | Kook the Merfolk Ice Elementalist began the quest for the
                  | Orb.
     0 | D:1      | Reached XP level 1. HP: 13/13 MP: 3/3
   212 | D:1      | Reached XP level 2. HP: 18/20 MP: 1/5
   290 | D:1      | Reached skill level 1 in Fighting
   555 | D:1      | Reached XP level 3. HP: 25/26 MP: 2/6
   893 | D:1      | You fall into a shaft and drop 1 floor!
  1182 | D:2      | Learned a level 3 spell: Frozen Ramparts
  1186 | D:2      | Learned a level 3 spell: Ozocubu's Armour
  1862 | D:2      | Reached XP level 4. HP: 32/33 MP: 4/8
  1906 | D:2      | Reached skill level 5 in Ice Magic
  3062 | D:3      | Reached XP level 5. HP: 18/39 MP: 5/9
  3380 | D:4      | Noticed an ogre
  3397 | D:4      | Killed an ogre
  3398 | D:4      | Reached skill level 1 in Polearms
  3586 | D:4      | Reached XP level 6. HP: 43/47 MP: 5/11
  3800 | D:4      | Noticed a black bear
  3808 | D:4      | Killed a black bear
  3911 | D:4      | Found a glowing silver altar of Zin.
  3911 | D:4      | Noticed an angel
  4252 | D:4      | Identified the +1 chain mail of Emauf {rPois Dex+2}
  4360 | D:4      | Reached XP level 7. HP: 52/52 MP: 3/12
  4674 | D:4      | Found a staircase to the Ecumenical Temple.
  4685 | Temple   | Entered the Ecumenical Temple
  4702 | Temple   | Became a worshipper of Gozag Ym Sagoz the Greedy
  4851 | D:5      | Entered Level 5 of the Dungeon
  4851 | D:5      | Noticed Menkaure
  5239 | D:5      | Noticed a wyvern
  5252 | D:5      | Killed a wyvern
  5798 | D:5      | Reached XP level 8. HP: 52/60 MP: 14/14
  6166 | D:6      | Noticed Sigmund
  6172 | D:6      | Killed Sigmund
  6173 | D:6      | Reached skill level 5 in Polearms
  6307 | D:6      | Reached skill level 5 in Spellcasting
  6379 | D:6      | Found a broken altar of Ashenzari.
  6683 | D:6      | Noticed a troll
  6691 | D:6      | Killed a troll
  6692 | D:6      | Reached skill level 5 in Dodging
  6692 | D:6      | Reached XP level 9. HP: 52/66 MP: 6/17
  6903 | D:6      | Found Dymem's General Store.
  6931 | D:6      | Bought a scroll of identify for 22 gold pieces
  6931 | D:6      | Bought a +0 cloak for 49 gold pieces
  7428 | D:7      | Noticed Jeremiah
  7806 | D:7      | Reached skill level 5 in Fighting
  9733 | D:8      | Found a snail-covered altar of Cheibriados.
  9789 | D:8      | Noticed Erica
  9810 | D:8      | Killed Erica
  9811 | D:8      | Reached XP level 10. HP: 42/76 MP: 14/20
 10449 | D:8      | Learned a level 3 spell: Hailstorm
 10715 | D:8      | Noticed Joseph
 10731 | D:8      | Killed Joseph
 10819 | D:8      | Noticed Grum
 10827 | D:8      | Reached skill level 1 in Conjurations
 10915 | D:8      | Found a glowing golden altar of the Shining One.
 11021 | D:8      | Mangled by Grum

Illustrated notes

Levels and vault maps discovered:
D:1:      nagdon_arrival_zigzag_paths, layout_rooms
D:2:      layout_basic, serial_co_window_serial, co_window_paths_a,
          co_window_corner_a, co_window_paths_b, co_window_paths_b,
          co_window_of_opportunity_a, co_window_paths_a, co_window_corner_a,
          co_window_corner_a, co_window_paths_a, co_window_broadway_c,
          co_window_corner_b, co_window_2corner, co_window_broadway_a,
          co_window_of_opportunity_b, co_window_corner_cb,
          co_window_of_opportunity_b, co_window_4corner_b, glass_columns_a,
          glass_columns_a, glass_columns_c
D:3:      layout_basic
D:4:      layout_loops_corners, zin_angel, minmay_temple_entry_mist,
          kennysheep_generic_room_8
D:5:      layout_loops_ring, due_unseen_surprise, uniq_menkaure
D:6:      layout_basic, evilmike_ruin_ashenzari, serial_shops, shop,
          uniq_sigmund
D:7:      layout_cave_pods, uniq_jeremiah
D:8:      layout_layer_cave, kennysheep_mini_moat, cheibrodos_worm_habitat,
          enter_bailey_2, uniq_grum, uniq_joseph, uniq_erica
Temple:   nicolae_temple_elliptical

Skill      XL: |  1  2  3  4  5  6  7  8  9 10 |
---------------+-------------------------------+-----
Fighting       | 1 2 3 4 5 6 |  6.0
Ice Magic      | 5 6 7 9 |  9.4
Spellcasting   | 3 4 5 7 |  7.2
Polearms       | 2 3 4 6 8 9 |  9.2
Dodging        | 3 5 6 |  6.7
Conjurations   | 1 |  1.0
Stealth        | |  2.1

Action                     |  1- 3 |  4- 6 |  7- 9 | 10-12 || total
---------------------------+-------+-------+-------+-------++-------
  Melee: Unarmed           |     1 |       |       |       ||     1
         Short sword       |    49 |       |       |       ||    49
         Punch             |     1 |     1 |       |       ||     2
         Trident           |       |    40 |    57 |       ||    97
         Halberd           |       |       |   116 |    10 ||   126
  Throw: Dart              |       |       |    19 |     5 ||    24
   Cast: Freeze            |    47 |    37 |    60 |    25 ||   169
         Frozen Ramparts   |       |     9 |    23 |     2 ||    34
         Ozocubu's Armour  |       |     6 |    16 |     2 ||    24
         Hailstorm         |       |       |       |     1 ||     1
    Use: Scroll            |       |       |     8 |       ||     8
         Potion            |       |       |     2 |       ||     2
   Stab: Sleeping          |     3 |     4 |     2 |       ||     9
 Armour: Robe              |    49 |    42 |    44 |       ||   135
         Leather armour    |       |       |    90 |    42 ||   132
  Dodge: Dodged            |    58 |    39 |   176 |    26 ||   299
